 Dungeon Crawl Stone Soup version 0.24.0-123-gd5b16e6ec5 (webtiles) character file.

Game seed: 12522856268772291015, levelgen mode: deterministic

74 Elellon the Magician (level 4, -2/32 HPs)
             Began as a Gnoll Wizard on Jan 4, 2020.
             Killed by divine providence
             ... invoked by an orc priest
              (13 damage)
             ... on level 3 of the Dungeon.
             The game lasted 00:06:34 (2180 turns).

Elellon the Magician (Gnoll Wizard)                 Turns: 2180, Time: 00:06:34

Health: -2/32      AC:  3    Str: 10    XL:     4   Next: 30%
Magic:  13/13      EV: 13    Int: 21    God:
Gold:   97         SH:  4    Dex: 13    Spells: 16/17 levels left

rFire    . . .     SeeInvis .   n - +4 mace (holy)
rCold    . . .     Gourm    .   h - +0 buckler
rNeg     . . .     Faith    .   a - +0 robe
rPois    .         Spirit   .   b - +0 hat
rElec    .         Reflect  .   f - +0 cloak (curse)
rCorr    .         Harm     .   (no gloves)
MR       .....                  (no boots)
Stlth    +++.......             (no amulet)
HPRegen  0.10/turn              (no ring)
MPRegen  0.13/turn              (no ring)

@: no status effects
A: distributed training, fangs 1, strong nose
a: no special abilities


You were on level 3 of the Dungeon.
You were not hungry.

You visited 1 branch of the dungeon, and saw 3 of its levels.

You collected 97 gold pieces.

Inventory:

Hand Weapons
 n - a +4 mace of holy wrath (weapon)
Armour
 a - a +0 robe (worn)
 b - a +0 hat (worn)
 f - a cursed +0 cloak (worn)
 h - a +0 buckler (worn)
Jewellery
 l - an uncursed amulet of rage {unknown}
 r - a +4 amulet of reflection {unknown}
Scrolls
 c - 2 scrolls of fog {unknown}
 e - 4 scrolls of remove curse {unknown}
 i - 3 scrolls of identify {unknown}
 k - 2 scrolls of magic mapping {unknown}
 m - 4 scrolls of teleportation {unknown}
 q - a scroll of amnesia {unknown}
Potions
 g - 2 potions of brilliance {unknown}
 j - a potion of flight {unknown}
 o - a potion of curing {unknown}
Comestibles
 d - 5 rations
 p - 6 chunks of flesh


   Skills:
 + Level 1.0 Fighting
 + Level 1.0 Short Blades
 + Level 1.0 Long Blades
 + Level 1.0 Axes
 + Level 1.0 Maces & Flails
 + Level 1.0 Polearms
 + Level 1.0 Staves
 + Level 1.0 Slings
 + Level 1.0 Bows
 + Level 1.0 Crossbows
 + Level 1.0 Throwing
 + Level 1.0 Armour
 + Level 4.6 Dodging
 + Level 4.2 Stealth
 + Level 1.0 Shields
 + Level 1.0 Unarmed Combat
 + Level 7.2 Spellcasting
 + Level 2.2 Conjurations
 + Level 0.8 Hexes
 + Level 0.8 Charms
 + Level 2.2 Summonings
 + Level 0.8 Necromancy
 + Level 2.2 Translocations
 + Level 0.8 Transmutations
 + Level 0.8 Fire Magic
 + Level 0.8 Ice Magic
 + Level 0.8 Air Magic
 + Level 0.8 Earth Magic
 + Level 0.8 Poison Magic
 + Level 1.1 Invocations
 + Level 1.0 Evocations


You had 16 spell levels left.
You knew the following spells:

 Your Spells              Type           Power        Failure   Level  Hunger
a - Magic Dart            Conj           ###.         4%          1    None

Your spell library contained the following spells:

 Spells                   Type           Power        Failure   Level  Hunger
 Blink                    Tloc           N/A          8%          2    None
 Call Imp                 Summ           ###.....     8%          2    None
 Slow                     Hex            ##......     14%         2    None
 Conjure Flame            Conj/Fire      ##......     21%         3    None
 Mephitic Cloud           Conj/Pois/Air  ##......     22%         3    None


Dungeon Overview and Level Annotations

Branches:
Dungeon (3/15)

Altars:


Innate Abilities, Weirdness & Mutations

Your experience applies equally to all skills.
You have very sharp teeth.
Your uncanny sense of smell can sniff out nearby items.


Message History

Aiming: Magic Dart (safe; 4% risk of failure)
Press: ? - help, Shift-Dir - straight line, f - kobold
Aim: a kobold, wielding a +0 whip (resting)
The magic dart hits the kobold.
You kill the kobold! 2 orcs and an orc priest come into view.
The orc priest is wielding a +2 falchion of slicing.
The orc priest shouts!
The orc shouts!
The orc priest invokes the aid of Beogh against you.
Beogh smites you!
* * * LOW HITPOINT WARNING * * *
You hear a shout!
Things that are here:
a +0 whip; a kobold corpse You block the orc's attack.
Things that are here:
a +0 hunting sling; 19 stones The orc priest mumbles some strange prayers to Beogh against you.
Beogh smites you!
You die...

#)# .# #o# .#
#.####.## .#
#.......# ..
######..# #..#
#.o# #
#..######.####.#
#.@..)....#.)..#
##.########)####
#..........#######
######.........<.#
#.###.#####.# #.#
#.# #.# #.# #.#
#.# #.# #.## #.#
#.# #..# #.#


You could see an orc priest and an orc.

Vanquished Creatures
  3 adders
  An ooze (D:2)
  2 worms (D:2)
  4 orcs (D:3)
  2 giant cockroaches (D:2)
  4 goblins
  4 hobgoblins
  3 jackals (D:1)
  A quokka (D:2)
  A ball python (D:2)
  A bat (D:2)
  2 frilled lizards
  6 kobolds
34 creatures vanquished.

Notes
Turn   | Place    | Note
-------+----------+-------------------------------------------
     0 | D:1      | Elellon the Gnoll Wizard began the quest for the Orb.
     0 | D:1      | Reached XP level 1. HP: 13/13 MP: 8/8
   524 | D:1      | Reached XP level 2. HP: 19/19 MP: 0/10
  1185 | D:2      | Reached XP level 3. HP: 22/25 MP: 1/11
  1475 | D:2      | Reached skill level 1 in Invocations
  1862 | D:2      | Reached skill level 1 in Fighting
  1862 | D:2      | Reached skill level 1 in Short Blades
  1862 | D:2      | Reached skill level 1 in Long Blades
  1862 | D:2      | Reached skill level 1 in Axes
  1862 | D:2      | Reached skill level 1 in Maces & Flails
  1862 | D:2      | Reached skill level 1 in Polearms
  1862 | D:2      | Reached skill level 1 in Staves
  1862 | D:2      | Reached skill level 1 in Slings
  1862 | D:2      | Reached skill level 1 in Bows
  1862 | D:2      | Reached skill level 1 in Crossbows
  1862 | D:2      | Reached skill level 1 in Throwing
  1862 | D:2      | Reached skill level 1 in Armour
  1862 | D:2      | Reached skill level 1 in Shields
  1862 | D:2      | Reached skill level 1 in Unarmed Combat
  1862 | D:2      | Reached skill level 1 in Evocations
  2028 | D:3      | Reached XP level 4. HP: 32/32 MP: 7/13
  2180 | D:3      | Killed from afar by an orc priest

Levels and vault maps discovered:
D:1:      evilmike_arrival_rings, layout_loops_ring, minmay_curled_crystal,
          chequers_serial_rivers_room_b
D:2:      layout_basic
D:3:      layout_loops_ring

Skill      XL: |  1  2  3 |
---------------+----------+-----
Conjurations   | 2 |  2.2
Summonings     | 2 |  2.2
Translocations | 2 |  2.2
Invocations    | 1 |  1.1
Fighting       | 1 |  1.0
Short Blades   | 1 |  1.0
Long Blades    | 1 |  1.0
Axes           | 1 |  1.0
Maces & Flails | 1 |  1.0
Polearms       | 1 |  1.0
Staves         | 1 |  1.0
Slings         | 1 |  1.0
Bows           | 1 |  1.0
Crossbows      | 1 |  1.0
Throwing       | 1 |  1.0
Armour         | 1 |  1.0
Shields        | 1 |  1.0
Unarmed Combat | 1 |  1.0
Evocations     | 1 |  1.0
Dodging        | |  4.6
Stealth        | |  4.2
Spellcasting   | |  7.2
Hexes          | |  0.8
Charms         | |  0.8
Necromancy     | |  0.8
Transmutations | |  0.8
Fire Magic     | |  0.8
Ice Magic      | |  0.8
Air Magic      | |  0.8
Earth Magic    | |  0.8
Poison Magic   | |  0.8

Action                   |  1- 3 |  4- 6 || total
-------------------------+-------+-------++-------
Melee: Unarmed           |     7 |       ||     7
       Mace              |     6 |     4 ||    10
 Cast: Magic Dart        |    64 |    12 ||    76
  Eat: Chunk             |     2 |     2 ||     4
Armor: Robe              |     2 |     1 ||     3
Dodge: Dodged            |    10 |     3 ||    13
Block: Buckler           |     1 |     1 ||     2
